Cogmind - Beta 13 @@@ ROGUE MODE // 2024.04.02 @ 14:12:50 Player: TheSecutor Result: Destroyed by D-53 Grenadier with Mini Grenade Launcher Performance ------------- Evolutions (0) 0 Regions Visited (2) 400 Robots Destroyed (16) 80 Value Destroyed (389) 389 Prototype IDs (0) 0 Alien Tech Used (0) 0 Bonus (0) 0 TOTAL SCORE: 869 Bonus ------- None Cogmind --------- Core Integrity 0/250 Matter 167/300 Energy 250/250 System Corruption 0% Temperature Warm (192) Movement Walking (190) Ox1 Location -10/Mines Parts ------- > --- POWER (1) -------- Ion Engine > --- PROPULSION (2) --- Carbon-fiber Leg > --- UTILITY (2) ------ Large Storage Unit Targeting Computer > --- WEAPON (2) ------- Beam Cannon > --- INVENTORY (15) --- High-capacity Battery (250) Targeting Computer Beamcaster Peak State ------------ > --- POWER ------------ Ion Engine > --- PROPULSION ------- Aluminum Leg Carbon-fiber Leg > --- UTILITY ---------- Large Storage Unit Targeting Computer > --- WEAPON ----------- Medium Laser Beam Cannon > --- INVENTORY -------- Aluminum Leg High-capacity Battery Targeting Computer Beamcaster [Rating: 9] Favorites ----------- Power Ion Engine Engine Ion Engine Propulsion Aluminum Leg Treads Light Treads Leg Aluminum Leg Utility Large Storage Unit Storage Large Storage Unit Processor Targeting Computer Weapon Medium Laser Energy Gun Medium Laser Energy Cannon Beam Cannon Launcher Grenade Launcher Build | -11 -10 -10 ------- Run | Yrd Mat Min Slots Evolved . | . . . Power . | . . . Propulsion . | . . . Utility . | . . . Weapon . | . . . Parts Attached 18 | 6 6 6 Power 3 | 1 1 1 Engine 3 | 1 1 1 Core . | . . . Reactor . | . . . Propulsion 5 | 2 2 1 Treads 2 | 2 . . Leg 3 | . 2 1 Wheel . | . . . Hover . | . . . Flight . | . . . Utility 4 | 1 2 1 Device . | . . . Storage 3 | 1 2 . Processor 1 | . . 1 Hackware . | . . . Protection . | . . . Artifact . | . . . Weapon 6 | 2 1 3 Energy Gun 4 | 2 . 2 Energy Cannon 1 | . . 1 Ballistic Gun . | . . . Ballistic Cannon . | . . . Launcher 1 | . 1 . Special Weapon . | . . . Impact Weapon . | . . . Slashing Weapon . | . . . Piercing Weapon . | . . . Special Melee Weapon . | . . . Unidentified Prototypes . | . . . Parts Lost 5 | . 1 4 Power 1 | . . 1 Propulsion 1 | . . 1 Utility . | . . . Weapon 3 | . 1 2 Highest Loss Streak 2 | . 1 2 To Critical Strikes . | . . . Average Slot Usage (%) 91 | . 86 96 Engine 13 | . 14 12 Treads 8 | . 18 . Leg 19 | . 9 27 Storage 25 | . 26 24 Processor 2 | . . 3 Energy Gun 16 | . 9 22 Energy Cannon 2 | . . 3 Launcher 3 | . 7 . Naked Turns . | . . . Heaviest Build 33 | 14 33 33 Greatest Support 40 | 40 40 25 Greatest Overweight (x) 3 | 3 1 1 Average Overweight (x) . | . . 1 Largest Inventory Capacity 15 | 8 15 15 Average Capacity 13 | 7 14 15 Most Carried 7 | 5 7 6 Average Carried 2 | 1 3 2 Final Capacity 15 | 8 15 15 Final Carried 7 | 1 7 3 Class Distribution -------------------- 100% | Mutant Dominant Class ---------------- Mutant | -10/Materials Mutant | -10/Mines Resources | -11 -10 -10 ----------- Run | Yrd Mat Min Matter Collected 343 | 115 65 163 Remotely . | . . . Salvage Created 349 | . 254 95 Parts 28 | . 22 6 Haulers Intercepted . | . . . Recyclers Shooed . | . . . Parts Field Recycled . | . . . Retrieved Matter . | . . . Parts Self-Destructed . | . . . Prevented . | . . . Kills | -11 -10 -10 ------- Run | Yrd Mat Min Combat Hostiles Destroyed 9 | . 4 5 Guns 5 | . 1 4 AOE 3 | . 3 . Classes Destroyed 7 | . 4 3 Builder 3 | . 3 . Recycler 1 | . 1 . Watcher 3 | . 3 . Swarmer 3 | . . 3 Grunt 4 | . 4 . Sentry 1 | . . 1 Demolisher 1 | . . 1 Best Kill Streak 10 | . 10 3 Combat Bots Only 3 | . 2 3 Max Kills in Single Turn 2 | . 2 1 Gunslinging . | . . . Exploded 1 | . 1 . Melee . | . . . Uniques/NPCs Destroyed . | . . . Combat | -11 -10 -10 -------- Run | Yrd Mat Min Hostile Shots Fired 63 | . 23 40 Missed 8 | . 5 3 Damage Taken 950 | . 271 679 Core 253 | . 19 234 Absorbed by Shields . | . . . Core Remaining (%) 100 | 100 . . Volleys Fired 32 | . 17 15 Largest 2 | . 2 2 Hottest 115 | . 70 115 Shots Fired 47 | . 19 28 Gun 30 | . 6 24 Cannon 4 | . . 4 Launcher 13 | . 13 . Special . | . . . Kinetic . | . . . Thermal 28 | . . 28 Explosive 13 | . 13 . Electromagnetic 6 | . 6 . Robot Hit Streak 8 | . 5 8 Robot Miss Streak 5 | . 2 5 Penetration Max . | . . . Secondary Targets 1 | . . 1 Max Gunslinging Chain 1 | . . 1 Shots Hit Robots 29 | . 11 18 Core Hits 21 | . 16 5 Critical Kills . | . . . Critical Parts Destroyed . | . . . Critical Strikes 2 | . . 2 Burn 2 | . . 2 Melee Attacks . | . . . Impact . | . . . Slashing . | . . . Piercing . | . . . Sneak Attacks . | . . . Combat Hostiles . | . . . Follow-up Attacks . | . . . Damage Inflicted 972 | . 719 253 Guns 277 | . 61 216 Cannons 34 | . . 34 Explosions 648 | . 648 . Melee . | . . . Ramming 13 | . 10 3 Kinetic . | . . . Thermal 250 | . . 250 Explosive 648 | . 648 . Electromagnetic 61 | . 61 . Impact . | . . . Slashing . | . . . Piercing . | . . . Highest Corruption . | . . . Average Corruption . | . . . Corruption Purged . | . . . Corruption Blocked . | . . . Overload Shots . | . . . Overflow Damage 11 | . 11 . Projectiles . | . . . Explosions 11 | . 11 . Melee . | . . . Knockbacks . | . . . Impact . | . . . Kinetic . | . . . Secondary . | . . . Self-Inflicted Damage 30 | . 30 . Shots 3 | . 3 . Rammed . | . . . Targets Rammed 2 | . 1 1 Kicked 1 | . . 1 Crushed 1 | . 1 . Highest Temperature 308 | . 36 308 Average Temperature 99 | . 10 131 Received Heat Transfer 159 | . 141 18 Siege Activations . | . . . Robots Corrupted . | . . . Combat Hostiles . | . . . Parts Fried . | . . . Impact Corruptions . | . . . Robots Melted 1 | . . 1 Combat Hostiles 1 | . . 1 Parts Melted 2 | . . 2 Heat Transferred 814 | . . 814 Parts Sabotaged . | . . . Parts Stolen . | . . . Parts Stripped . | . . . Power Chain Reactions . | . . . Alert | -11 -10 -10 ------- Run | Yrd Mat Min Peak Influence 238 | . 238 187 Initial 92 | . . 92 Average 122 | . 113 159 Maximum Alert Level 1 | . 1 . Low Security (%) 84 | 100 60 100 Level 1 15 | . 39 . Level 2 . | . . . Level 3 . | . . . Level 4 . | . . . Level 5 . | . . . High Security . | . . . Max Security . | . . . Squads Dispatched . | . . . Investigation . | . . . Extermination . | . . . Reinforcement . | . . . Assault . | . . . Garrison . | . . . Intercept . | . . . Searches Triggered . | . . . Construction Impeded . | . . . Haulers Reinforced . | . . . Active Scanning Responses . | . . . Cargo Convoy Interrupts . | . . . Stealth | -11 -10 -10 --------- Run | Yrd Mat Min Distress Signals 1 | . 1 . Communications Jammed . | . . . Distress Signals . | . . . Times Spotted 14 | . 7 7 Peak Tracking Total 5 | . 5 3 Tactical Retreats . | . . . Traps | -11 -10 -10 ------- Run | Yrd Mat Min Traps Triggered . | . . . Indirectly . | . . . Trap Hack Attempts . | . . . Triggered . | . . . Disarmed . | . . . Reprogrammed . | . . . Reused . | . . . Traps Extracted . | . . . Installed . | . . . Triggered . | . . . Machines | -11 -10 -10 ---------- Run | Yrd Mat Min Machines Disabled 3 | . 3 . Max in Single Turn 1 | . 1 . Machines Repaired . | . . . Machines Dismantled . | . . . Machines Sabotaged . | . . . Overloaded Fab Kills . | . . . Hacking | -11 -10 -10 --------- Run | Yrd Mat Min Machines Accessed 2 | . 2 . Terminals 1 | . 1 . Fabricators . | . . . Repair Stations . | . . . Recycling Units 1 | . 1 . Scanalyzers . | . . . Garrison Access . | . . . Total Hacks 5 | . 5 . Successful 5 | . 5 . Failed . | . . . Catastrophic . | . . . Database Lockouts . | . . . Manual . | . . . Terminals 2 | . 2 . Fabricators . | . . . Repair Stations . | . . . Recycling Units 3 | . 3 . Scanalyzers . | . . . Garrison Access . | . . . Terminal Hacks 2 | . 2 . Emergency Access Points 1 | . 1 . Alert Level 1 | . 1 . Fabricator Hacks . | . . . Repair Station Hacks . | . . . Recycling Unit Hacks 3 | . 3 . Process 1 | . 1 . Report Inventory 1 | . 1 . Retrieve Matter 1 | . 1 . Scanalyzer . | . . . Garrison Access Hacks . | . . . Unauthorized Hacks . | . . . Terminals . | . . . Fabricators . | . . . Repair Stations . | . . . Recycling Units . | . . . Scanalyzers . | . . . Garrison Access . | . . . Data Cores Recovered . | . . . Used . | . . . Hacking Detections 1 | . 1 . Full Trace Events . | . . . Feedback Events . | . . . Feedback Blocked . | . . . Robot Schematics Acquired . | . . . Robots Built . | . . . Authchips . | . . . Time . | . . . Total Robot Build Rating . | . . . Part Schematics Acquired . | . . . Parts Built . | . . . Authchips . | . . . Time . | . . . Total Part Build Rating . | . . . Parts Repaired . | . . . Time . | . . . Parts Recycled . | . . . Recycled Matter 4 | . 4 . Retrieved Matter 4 | . 4 . Retrieved Components . | . . . Parts Scanalyzed . | . . . Part Schematics Acquired . | . . . Parts Damaged . | . . . Bothacking | -11 -10 -10 ------------ Run | Yrd Mat Min Used RIF Installer . | . . . Robots Hacked . | . . . Non-combat . | . . . Combat . | . . . Robot Hacks Applied . | . . . Relay Couplers Released . | . . . Fabnet Peak Effective % . | . . . Robots Rewired . | . . . Allies Hacked . | . . . Hacks Repelled . | . . . Allies | -11 -10 -10 -------- Run | Yrd Mat Min Total Allies . | . . . Largest Group . | . . . Highest-Rated Group . | . . . Highest-Rated Ally . | . . . Total Orders . | . . . Ally Attacks . | . . . Total Damage . | . . . Kills . | . . . Allies Corrupted . | . . . Allies Melted . | . . . Intel | -11 -10 -10 ------- Run | Yrd Mat Min Robot Analysis Total . | . . . Derelict Logs Recovered 1 | . . 1 Drone Launches . | . . . Drone Recoveries . | . . . Exploration | -11 -10 -10 ------------- Run | Yrd Mat Min Turns Passed 633 | 74 255 304 Spaces Moved 289 | 41 119 129 Core 15 | 15 . . Treads 102 | 26 76 . Legs 172 | . 43 129 Wheels . | . . . Hover . | . . . Flight . | . . . Fastest Speed 50 | 50 160 190 Average Speed 176 | 152 170 190 Slowest Speed 200 | 200 190 190 Overloaded Moves . | . . . Propulsion Burnouts . | . . . Robots Hopped . | . . . Cave-ins Triggered . | . . . Exploration Rate (%) 20 | 4 34 24 Regions Visited 2 Branch Regions 1 Pre-discovered Areas . | . . . Known Exits Taken . | . . . Unknown Exits Taken 2 | 1 1 . Scrap Searched . | . . . Spaces Dug . | . . . Terrain Destroyed 30 | . 30 . Melee . | . . . Projectile . | . . . AOE 30 | . 30 . Terrain Rammed . | . . . Walls Destroyed . | . . . Machines Disabled . | . . . Actions | -11 -10 -10 --------- Run | Yrd Mat Min Total 365 | 53 151 161 Wait . | . . . Move 287 | 40 118 129 Hop . | . . . Pick Up 19 | 7 7 5 Fast Attach . | . . . Attach 13 | 6 2 5 Detach . | . . . Swap 5 | . 4 1 Drop 7 | . 2 5 Fire 32 | . 17 15 Melee . | . . . Ram . | . . . Kick 1 | . . 1 Crush 1 | . 1 . Escape Stasis . | . . . Rewire . | . . . Trap . | . . . Miscellaneous . | . . . Route ------- -11/Scrapyard -10/Materials -10/Mines (discovered 1 exit: [*Mat]) History --------- Turn | Location | Event 6 | -11/Scrapyard | Discovered new exit (range 16) 75 | -11/Scrapyard | Entered Materials 304 | -10/Materials | Discovered new exit (range 12) 312 | -10/Materials | Build established: Mutant 330 | -10/Materials | Entered Mines 392 | -10/Mines | Learned Materials trap positions 445 | -10/Mines | Discovered new exit (range 6) 506 | -10/Mines | Joined a pair of Derelicts in attacking an 0b10 outpost 614 | -10/Mines | Assembled infested the area 619 | -10/Mines | Assisted by a Guerilla fighting off Assembled 624 | -10/Mines | Core integrity fell below 50% 628 | -10/Mines | Core integrity fell below 20% 634 | -10/Mines | Destroyed by D-53 Grenadier with Mini Grenade Launcher Last Messages --------------- Demolisher response squad. A derelict emerges from the shadows: "You need to get out of here! I've been tracking a group of Assembled to figure out where they're coming from, and they're closing on this area, come on!" N5-Z1I(h): "I'll hold them off! Go on ahead or try to find another way!" N5-Z1I(h) destroyed. T-07 Excavator destroyed. The unstable cave ceiling collapses. K-01 Serf collects debris. Aluminum Leg destroyed. D-53 Grenadier destroyed. The unstable cave ceiling collapses. K-01 Serf collects debris. The unstable cave ceiling collapses. U-05 Engineer lays Concrete. U-05 Engineer builds a Wall. Med. Laser destroyed. Map ----- +----------------------------------------------------+ | ?????????????????????????????????????????????? | | ?????????????????????????????????????????????? | | ?????????????????????????????????????????????? | | ?????????????????????????????????????????????? | | ?????????????????????????????????????????????? | | ?????????????????????????????????????????????? | | ????????######???????????????????????????????? | | ???????##=%!"##??????????????????????????????? | | ???????#] [ [ #??????????????????????????????? | | ???????#|! !/ #??????????????????????????????? | | ???????##! ##??????????????????????????????? | | ???????###++###??????????????????????????????? | | ???????# =! ##??????????????#??????????????? | | ???????# ##??????????? #??????????????? | | ??????## ## #?????????? ???????????????? | | ??????# #?????????? #???????????????? | | ??????# #????????? ##??????????????? | | ??????## #????????? #??????????????? | | ???????### ## ##?????##? ##?????????????? | | ?????????# #?###??#### ## #?????????????? | | ?????????# #??????# #?????????????? | | ?????????# #?????## #??????????????? | | ?????????# #????## k% #???????????????? | | ?????????# #????# d# ##???????????????? | | ?????????# #????# #??????????????????? | | ??#####??# #????# @ ##??????????????????? | | ??# #??# ###### # #??????????????????? | | ??# ##?# #??????????????????? | | ??# ########### ##??????????????????? | | ??## #????????## # ##???????????????????? | | ???## #????????##u######### ???????????? | | ????## ####?????# ???????????? | | ????## #?????# ???????????? | | ????# ## #?????#r ###########??????????????? | | ????## ## #???### ###??????????????????????? | | ?????## ## #??## ##?????????????????????? | | ??????# ## #### #?????????????????????? | | ??????# ## #????????????????????? | | ??????# ## ##### """ #????????????????????? | | ??????# ## #???# """ #????????????????????? | | ??????# ## #??? """ ##????????????????????? | | ??????# ## #??# # #?????????????????????? | | ??????# ## #??# < ## #?????????????????????? | | ??????# ## #??# #? #?????????????????????? | | ??????# ## #??## ##? #?????????????????????? | | ??????# ## #???#####???#?????????????????????? | | ??????# ## #?????????????????????????????????? | | ?###### ## ##????????????????????????????????? | | ?# #????????????????????????????????? | | ?# #????????????????????????????????? | +----------------------------------------------------+ Best States ------------- Heat Dissipation 25 Energy Generation 10 Energy Capacity 250 Matter Stores 182 Matter Capacity 450 Sight Range 16 Terrain Scan Density 10 Evasion (%) 40 Targeting Accuracy 5 Recoil Reduction 2 Item Schematics ----------------- None Robot Schematics ------------------ None Fabricated ------------ Nothing Alien Tech Used ----------------- None Achievements -------------- Let's See Who's Tougher Challenges ------------ None Game ------ Seed GammaSegregatorEngine Manual? 0 Play Time 00:08:02 Cumulative 1.7 hours Start 2024.04.02 @ 14:06:51 End 2024.04.02 @ 14:12:50 Sessions 1 Manual Loads 0 Difficulty Rogue Special Mode None Game No. 5 Rogue 5 Adventurer 0 Explorer 0 Win Type - Total 0 Types 0/0/0/0/0/0/0/0/0 Lore% 1 Gallery% 8 Achievement% 7 Wizard Run 0 Options --------- Layout 1 ASCII 0 Keyboard 0 Movement Mouse Keybinds 0 Fullscreen 1 Font 24/Smallcaps Map View 50x35 Zoom Use 0% Tactical HUD 0 Map Filters NONE Filters NONE Steam 1 RUN: 5c2bae31-50f3-418a-bcbe-77db39d044cb